 Dungeon Crawl Stone Soup version 0.31-a0-430-gf8416d752b (webtiles) character file.

Game seed: 8901309740344953133

25553 Ethylacetat the Mimic (level 12, -2/127 HPs)
             Began as a Demigod Shapeshifter on July 31, 2023.
             Slain by a skeletal warrior
             ... wielding a +0 war axe
              (18 damage)
             ... on level 13 of the Dungeon.
             The game lasted 00:38:45 (13866 turns).

Ethylacetat the Mimic (Demigod Shapeshifter)       Turns: 13866, Time: 00:38:45

Health: -2/127     AC: 15    Str: 19    XL:     12   Next: 54%
Magic:  15/15      EV: 12    Int: 10    God:
Gold:   547        SH:  0    Dex: 30    Spells: 11/11 levels left

rFire   . . .        w - melded +2 short sword (protect)
rCold   . . .        (shield currently unavailable)
rNeg    . . .        a - melded +0 animal skin
rPois   .            (helmet currently unavailable)
rElec   .            I - melded scarf {+Inv}
rCorr   .            (gloves currently unavailable)
SInv    .            m - melded +0 pair of boots
Will    +....        (no amulet)
Stlth   ++           q - +4 ring of slaying
HPRegen 0.41/turn    G - +4 ring of protection
MPRegen 0.14/turn

%: no passive effects
@: snake-form
A: constrict, boosted hp, large, high MP 1, forlorn, divine attributes, (talons
1), (fire resistance 1), weak 1
a: Begin Untransformation


You were on level 13 of the Dungeon.
You were an enormous anaconda.
You visited 1 branch of the dungeon, and saw 14 of its levels.
You also visited: Sewer.

You collected 714 gold pieces.
You spent 167 gold pieces at shops.

Inventory:

Hand Weapons
 w - a +2 short sword of protection (melded)
Missiles
 c - 5 datura-tipped darts
 u - 19 curare-tipped darts
 H - 2 throwing nets
Armour
 a - a +0 animal skin (melded)
 m - a +0 pair of boots (melded)
 I - a scarf of invisibility (melded)
Jewellery
 f - a +5 ring of evasion
 q - a +4 ring of slaying (left hand)
 G - a +4 ring of protection (right hand)
 K - a ring of poison resistance
 M - a ring of willpower
Talismans
 z - a serpent talisman (active)
Wands
 p - a wand of iceblast (28)
 s - a wand of light (9)
 D - a wand of polymorph (12)
 F - a wand of mindburst (15)
Scrolls
 b - 3 scrolls of fog {unknown}
 d - 16 scrolls of identify {unknown}
 e - 2 scrolls of teleportation {unknown}
 g - 2 scrolls of summoning {unknown}
 h - a scroll of amnesia {unknown}
 i - 7 scrolls of vulnerability {unknown}
 k - a scroll of poison {unknown}
 l - 5 scrolls of revelation {unknown}
 t - a scroll of torment {unknown}
 x - 2 scrolls of immolation {unknown}
 A - a scroll of silence {unknown}
 C - a scroll of enchant weapon {unknown}
 L - 2 scrolls of blinking
 N - a scroll of fear {unknown}
Potions
 j - a potion of cancellation
 n - 2 potions of attraction
 o - 2 potions of invisibility
 r - 5 potions of brilliance
 v - a potion of mutation
 B - 3 potions of curing
 E - 2 potions of berserk rage {unknown}
 J - 2 potions of might
Miscellaneous
 y - a phantom mirror (inert)


   Skills:
 + Level 10.2 Fighting
 - Level 3.0 Dodging
 + Level 10.6 Unarmed Combat
 * Level 12.2 Shapeshifting


You had 11 spell levels left.
You didn't know any spells.
Your spell library contained the following spells:

 Spells                   Type           Power      Damage    Failure   Level
 Freeze                   Ice            0%         1d3       36%         1
 Ensorcelled Hibernation  Hex/Ice        0%         N/A       50%         2
 Passwall                 Tmut/Erth      0%         N/A       50%         2
 Sublimation of Blood     Necr           0%         N/A       50%         2
 Wereblood                Tmut           0%         N/A       50%         2
 Frozen Ramparts          Ice            0%         1d1       75%         3
 Hailstorm                Conj/Ice       0%         3d3       75%         3
 Ozocubu's Armour         Ice            0%         N/A       75%         3
 Swiftness                Air            0%         N/A       75%         3
 Vhi's Electric Charge    Tloc/Air       0%         N/A       75%         3
 Anguish                  Hex/Necr       0%         N/A       98%         4
 Petrify                  Tmut/Erth      0%         N/A       98%         4
 Arcjolt                  Conj/Air       0%         1d10      100%        5
 Irradiate                Conj/Tmut      0%         3d11      100%        5
 Metabolic Englaciation   Hex/Ice        0%         N/A       100%        5
 Plasma Beam              Fire/Air       0%         2x1d10    100%        6
 Ozocubu's Refrigeration  Ice            0%         4d7       100%        7
 Summon Hydra             Summ           0%         N/A       100%        7


Dungeon Overview and Level Annotations

Branches:
Dungeon (14/15)            Temple (0/1) D:4            Lair (0/5) D:8
    Orc (0/2) D:10          Sewer (visited)
 Vaults: D:13-14

Shops:
D:4 (   D:5 (   D:6 (   D:10 ?*[*   D:12 (


Innate Abilities, Weirdness & Mutations

You are an enormous anaconda.
You have a powerful constriction melee attack.
Your maximum health is increased.
Your armour is entirely melded.
You are incapable of wielding weapons or throwing items.
You have an increased reservoir of magic. (+10% MP)
You shall have no god before yourself.
Your divine heritage dramatically boosts your attributes as you level up.
((You have sharp toenails.))
((Your flesh is heat resistant. (rF+)))
You are weak. (Str -2)


Message History

The skeletal warrior is heavily damaged.
You constrict the skeletal warrior, but do no damage.
You hit the skeletal warrior but do no damage.
The skeletal warrior is heavily damaged.
You constrict the skeletal warrior.
The skeletal warrior hits you with a +0 war axe.
You body-slam the skeletal warrior!!
The skeletal warrior is almost destroyed.
You constrict the skeletal warrior.
The skeletal warrior hits you with a +0 war axe!
You are too injured to fight recklessly!
You are too injured to fight recklessly!
You are too injured to fight recklessly!
You hit the skeletal warrior.
You destroy the skeletal warrior!
You closely miss the skeletal warrior. You grab the skeletal warrior.
You constrict the skeletal warrior, but do no damage.
The skeletal warrior hits you with a +0 war axe!!
* * * LOW HITPOINT WARNING * * *
You lash the skeletal warrior!
The skeletal warrior is moderately damaged.
You constrict the skeletal warrior.
You hit the skeletal warrior but do no damage.
The skeletal warrior is moderately damaged.
You constrict the skeletal warrior.
The skeletal warrior hits you with a +0 war axe.
* * * LOW HITPOINT WARNING * * *
You lash the skeletal warrior!
The skeletal warrior is heavily damaged.
You constrict the skeletal warrior. The skeletal warrior barely misses you.
You lash the skeletal warrior!
The skeletal warrior is severely damaged.
You constrict the skeletal warrior, but do no damage.
The skeletal warrior hits you with a +0 war axe!
* * * LOW HITPOINT WARNING * * *
You hit the skeletal warrior but do no damage.
The skeletal warrior is severely damaged.
You constrict the skeletal warrior, but do no damage.
The skeletal warrior hits you with a +0 war axe!!
You die...

#......# #.....# #..##..# .....#
#..##..# .z..# #......#
.z.###### #......# #z.......
#......# #..# ... #..##..#
#..##....
#......#################........
#..............Szz..............
#.##...........##...............
#.......###....##..###.....#....
#...............................
################################


You could see 2 skeletal warriors.

Vanquished Creatures
  Rupert (D:14)
  2 boulder beetles
  A two-headed ogre (D:11)
  A centaur warrior (D:14)
  3 skeletal warriors (D:13)
  An orc knight (D:11)
  2 manticores (D:12)
  3 cyclopes
  A gargoyle (D:12)
  An unseen horror (D:10)
  3 kobold demonologists
  A komodo dragon (D:12)
  A queen bee (D:9)
  2 hornets (D:10)
  8 trolls
  A vampire (D:12)
  31 yaks
  8 wargs (D:11)
  2 vampire mosquitoes (D:12)
  An acid dragon (D:10)
  4 water moccasins
  Duvessa (D:4)
  A hell hound (D:11)
  A black bear (D:8)
  9 orc warriors
  3 ice beasts
  2 sky beasts
  9 centaurs
  2 phantoms
  13 kobold brigands
  7 bullfrogs
  6 gnoll sergeants
  4 scorpions
  8 wights
  Dowan (D:4)
  19 killer bees
  10 howler monkeys
  10 orc priests
  2 gnoll boudas (D:11)
  4 hounds
  A jelly (D:4)
  Crazy Yiuf (D:5)
  2 sleepcaps (D:6)
  21 orc wizards
  4 iguanas
  Robin (D:4)
  14 gnolls
  14 adders
  A shadow imp (D:4)
  A white imp (D:7)
  An ufetubus (D:7)
  6 worms
  A dart slug (D:3)
  34 orcs
  11 endoplasms
  10 giant cockroaches
  8 goblins
  12 hobgoblins
  2 jackals (D:5)
  24 kobolds
  14 quokkas
  12 ball pythons
  6 bats
  8 frilled lizards
  2 rats (D:2)
401 creatures vanquished.

Notes
Turn   | Place    | Note
-------+----------+-------------------------------------------
     0 | D:1      | Ethylacetat the Demigod Shapeshifter began the quest for
                  | the Orb.
     0 | D:1      | Reached XP level 1. HP: 15/15 MP: 3/3
    33 | D:1      | Reached skill level 1 in Fighting
   131 | D:1      | Reached XP level 2. HP: 23/23 MP: 4/4
   905 | D:2      | Reached XP level 3. HP: 28/28 MP: 5/5
   992 | D:2      | Reached skill level 3 in Shapeshifting
  1762 | D:3      | Found a glowing drain.
  1771 | D:3      | Reached XP level 4. HP: 26/36 MP: 6/6
  1780 | Sewer    | Entered a sewer
  2119 | Sewer    | Noticed a bullfrog
  2140 | Sewer    | Killed a bullfrog
  2141 | Sewer    | Reached XP level 5. HP: 19/42 MP: 7/7
  2798 | D:3      | Reached XP level 6. HP: 45/51 MP: 8/8
  2905 | D:3      | Reached skill level 4 in Shapeshifting
  3043 | D:4      | Noticed Duvessa
  3043 | D:4      | Noticed Dowan
  3043 | D:4      | Found a staircase to the Ecumenical Temple.
  3045 | D:4      | Killed Dowan
  3050 | D:4      | Killed Duvessa
  3059 | D:4      | Gained mutation: Your flesh is heat resistant. (rF+)
                  | [potion of mutation]
  3059 | D:4      | Gained mutation: You are weak. (Str -2) [potion of
                  | mutation]
  3059 | D:4      | Gained mutation: You have sharp toenails. [potion of
                  | mutation]
  3220 | D:4      | Reached XP level 7. HP: 57/57 MP: 9/9
  3647 | D:4      | Noticed Robin
  3673 | D:4      | Killed Robin
  3700 | D:4      | Found Piezios's Weapon Boutique.
  3869 | D:5      | Entered Level 5 of the Dungeon
  3941 | D:5      | Reached skill level 5 in Shapeshifting
  4094 | D:5      | Found Ofeyjux's Weapon Shop.
  4129 | D:5      | Reached skill level 5 in Unarmed Combat
  4404 | D:5      | Found a runed translucent door.
  4405 | D:5      | Noticed Crazy Yiuf
  4411 | D:5      | Killed Crazy Yiuf
  4412 | D:5      | Reached XP level 8. HP: 59/67 MP: 10/10
  5084 | D:6      | Reached skill level 6 in Shapeshifting
  5149 | D:6      | Reached skill level 5 in Fighting
  5493 | D:6      | Found Fuinoap's Weapon Boutique.
  6368 | D:8      | Reached skill level 7 in Shapeshifting
  6368 | D:8      | Reached XP level 9. HP: 68/74 MP: 11/11
  6602 | D:8      | Found a staircase to the Lair.
  6788 | D:8      | Reached skill level 8 in Shapeshifting
  7573 | D:9      | Reached XP level 10. HP: 84/84 MP: 13/13
  7962 | D:9      | Reached skill level 9 in Shapeshifting
  9071 | D:10     | Entered Level 10 of the Dungeon
  9285 | D:10     | Found Laigrit's Assorted Antiques.
  9587 | D:10     | Reached XP level 11. HP: 71/94 MP: 14/14
  9745 | D:10     | Found Luesusku's Magic Scroll Boutique.
  9748 | D:10     | Bought a scroll of noise for 13 gold pieces
  9748 | D:10     | Bought a scroll of blinking for 97 gold pieces
  9844 | D:10     | Found Nacha's Assorted Antiques.
 10005 | D:10     | Reached skill level 10 in Shapeshifting
 10066 | D:10     | Found Wewn's Antique Armour Emporium.
 10071 | D:10     | Found a staircase to the Orcish Mines.
 10155 | D:10     | Found Toihiel's Assorted Antiques.
 10163 | D:10     | Bought a lumpy green potion for 27 gold pieces
 10163 | D:10     | Bought a scroll labelled GOFOUM BINURU for 30 gold pieces
 10701 | D:11     | Noticed an orc knight
 10735 | D:11     | Killed an orc knight
 11646 | D:11     | Reached skill level 11 in Shapeshifting
 11723 | D:11     | Noticed a boulder beetle
 11746 | D:11     | Killed a boulder beetle
 12315 | D:11     | Noticed a two-headed ogre
 12324 | D:11     | Killed a two-headed ogre
 12507 | D:12     | Found Gopruely's Weapon Emporium.
 12610 | D:12     | Reached XP level 12. HP: 105/105 MP: 15/15
 12664 | D:12     | Reached skill level 10 in Unarmed Combat
 13218 | D:12     | Noticed a boulder beetle
 13230 | D:12     | Killed a boulder beetle
 13376 | D:12     | You fall into a shaft and drop 2 floors!
 13403 | D:14     | Noticed a centaur warrior
 13411 | D:14     | Killed a centaur warrior
 13471 | D:14     | Noticed Rupert
 13485 | D:14     | Killed Rupert
 13486 | D:14     | Reached skill level 10 in Fighting
 13486 | D:14     | Reached skill level 12 in Shapeshifting
 13866 | D:13     | Slain by a skeletal warrior

Illustrated notes

Levels and vault maps discovered:
D:1:      lemuel_arrival_lava_pool, layout_basic, serial_aquarium,
          aquarium_bridge_square [aquarium_subvault_bridge,
          aquarium_subvault_wall, aquarium_subvault_wall,
          aquarium_subvault_bridge], aquarium_bridge_island_small
          [aquarium_subvault_small_open, aquarium_subvault_wall,
          aquarium_subvault_balcony, aquarium_subvault_wall,
          aquarium_subvault_bridge], aquarium_window_fake,
          aquarium_window_corridor_2, aquarium_window_fake, aquarium_view_2c,
          minmay_misc_feat_chi
D:2:      layout_basic, minmay_door_square
D:3:      layout_basic, good_gods_mini_temple, cheibrodos_sewer_entry_bend
D:4:      layout_basic, mainiacjoe_overflow_concentric_impassable,
          nemelex_spade_bored_becter, minmay_temple_entry_trees, serial_bayou,
          serial_bayou_shore_a, serial_bayou_pond_b, serial_bayou_pond_d,
          serial_bayou_pond_b, nicolae_take_the_stairs, uniq_robin, uniq_duvessa
D:5:      layout_loops_cross, serial_shops, nicolae_shop_pleasant_corner_grove,
          uniq_crazy_yiuf_cottage
D:6:      layout_gridville, serial_shops, shop, kennysheep_boxes
D:7:      layout_basic
D:8:      layout_loops_ring, mainiacjoe_overflow_small_starburst,
          due_lair_maze_entry_diamond, serial_co_window_serial,
          co_window_of_opportunity_a, co_window_corner_a, co_window_paths_b,
          co_window_of_opportunity_a, co_window_corner_a, co_window_broadway_c,
          co_window_corner_cb, co_window_2corner, co_window_paths_e,
          glass_columns_a, glass_columns_a, glass_columns_b, glass_columns_a
D:9:      layout_basic, marbit_many_paths, nicolae_looking_at_the_future
D:10:     layout_irregular_city, serial_glass, glass_columns_b, glass_columns_a,
          serial_shops, shop, nicolae_shop_rolled_up, shop, shop, shop,
          minmay_fractal_squares_gapless_5
D:11:     lemuel_castle_with_subvaults [lemuel_castle_interior_carwin_1],
          layout_irregular_city
D:12:     layout_gridville, serial_shops, shop, shop, uniq_urug
D:13:     layout_stronghold
D:14:     layout_loops_cross, lightli_vaults_fourway_checkpoint, uniq_rupert,
          uniq_josephine

Skill      XL: |  1  2  3  4  5  6  7  8  9 10 11 12 |
---------------+-------------------------------------+-----
Fighting       | 1 2 3 4 5 6 8 9 10 | 10.2
Dodging        | 2 3 |  3.0
Unarmed Combat | 3 4 5 6 7 8 9 10 | 10.6
Shapeshifting  | 3 4 5 7 8 9 11 12 | 12.2

Action                     |  1- 3 |  4- 6 |  7- 9 | 10-12 || total
---------------------------+-------+-------+-------+-------++-------
  Melee: Unarmed           |   114 |   163 |   225 |   562 ||  1064
         Punch             |     1 |     3 |     1 |       ||     5
         Kick              |       |     1 |    40 |       ||    41
         Short sword       |       |       |    47 |       ||    47
         Constrict         |       |       |    48 |   132 ||   180
  Evoke: Wand              |       |     4 |     2 |     3 ||     9
         Phantom mirror    |       |       |       |     1 ||     1
    Use: Potion            |       |     8 |     4 |       ||    12
         Scroll            |       |       |       |     1 ||     1
   Stab: Sleeping          |     5 |     2 |     5 |     3 ||    15
         Invisible         |       |     1 |       |     1 ||     2
         Held in net/web   |       |       |     2 |       ||     2
         Distracted        |       |       |       |     3 ||     3
 Armour: Animal skin       |    14 |    12 |    11 |       ||    37
         Skin              |       |    11 |    50 |   257 ||   318
  Dodge: Dodged            |    58 |   160 |   191 |   290 ||   699
   Form: Anaconda          |       |       |     2 |       ||     2
                           |       |       |     1 |       ||     1

Table legend: (Time is in decaauts)
 A = Elapsed time spent in this place.
 B = Non-inter-level travel time spent in this place.
 C = Inter-level travel time spent in this place.
 D = Time resting spent in this place.
 E = Time spent auto-exploring this place.
 F = Levels seen in this place.
 G = Mean time per level.
                   A        B        C        D        E       F      G
               +--------+--------+--------+--------+--------+-----+--------+
         Total |  13803 |  13325 |    478 |   1016 |   9228 |  15 |  920.2 |
       Dungeon |  13326 |  12848 |    478 |    998 |   9035 |  14 |  951.9 |
         Sewer |    477 |    477 |      0 |     18 |    193 |   1 |  477.0 |
               +--------+--------+--------+--------+--------+-----+--------+

Top non-repeatable levels by time:
    D:11: 2091 daAuts
     D:9: 1649 daAuts
     D:8: 1180 daAuts
    D:10: 1100 daAuts
     D:3: 1083 daAuts
    D:12: 908 daAuts
     D:1: 900 daAuts
     D:5: 900 daAuts
     D:4: 858 daAuts
     D:2: 783 daAuts
     D:7: 759 daAuts
     D:6: 628 daAuts
   Sewer: 477 daAuts
    D:14: 384 daAuts
    D:13: 97 daAuts
